[Event "Titled Tuesday Blitz June 6 Early 2023"]
[White "Nguyen, Ngoc Truong Son"]
[Black "Duda, Jan-Krzysztof"]
[WhiteFideId "12401110"]
[BlackFideId "1170546"]
[WhiteElo "2556"]
[BlackElo "2783"]
[Result "1-0"]
[Round "8"]
[TimeControl "180+2"]
[Date "2023.06.06"]
[WhiteClock "0:00:05"]
[BlackClock "0:00:01"]
[Board "5"]

1. d4 d5 2. c4 e6 3. Nc3 Nf6 4. cxd5 exd5 5. Bg5 Nbd7 6. e3 h6 7. Bh4 c6 8. Bd3 Be7 9. Nge2 Nh5 10. Bg3 Nxg3 11. hxg3 Nf8 12. Nf4 Ne6 13. Nxe6 Bxe6 14. Qc2 Qd7 15. Ne2 Bb4+ 16. Kf1 Bd6 17. Nf4 O-O-O 18. Rb1 Kb8 19. b4 Rc8 20. a4 Qe7 21. Qd2 Bd7 22. b5 g5 23. Ne2 c5 24. dxc5 Rxc5 25. Nd4 Qf6 26. Kg1 h5 27. Qe2 Bg4 28. Qb2 Be5 29. f4 Bxd4 30. Qxd4 Qxd4 31. exd4 Rc3 32. Bf1 f6 33. fxg5 fxg5 34. Re1 Rf8 35. Kh2 Rf2 36. a5 Rcc2 37. b6 axb6 38. axb6 Rb2 39. Re8+ Bc8 40. Kg1 Rfd2 41. Rxh5 Rxb6 42. Rhh8 Rc6 43. Bb5 Rc7 44. Rd8 Rxd4 45. Bd7 Rdc4 46. Rhg8 d4 47. Be6 Rc1+ 48. Kh2 Rh7+ 49. Bh3 g4 50. Rxg4 Ka7 51. Rgxd4 Bxh3 52. gxh3 b5 53. R8d7+ Rxd7 54. Rxd7+ Kb6 55. h4 b4 56. Rd8 Kc7 57. Rd4 b3 58. Rb4 Rb1 59. h5 Kc6 60. h6 Kc5 61. Rb8 Rb2+ 62. Kh3 Rb1 63. Kg4 Rh1 64. Rxb3 Rxh6 65. Rd3 1-0


[Site "https://www.chess.com"]

[Event "Titled Tuesday Blitz June 6 Early 2023"]
[White "Andreikin, Dmitry"]
[Black "Samadov, Read"]
[WhiteFideId "4158814"]
[BlackFideId "13417444"]
[WhiteElo "2736"]
[BlackElo "2355"]
[Result "1-0"]
[Round "8"]
[TimeControl "180+2"]
[Date "2023.06.06"]
[WhiteClock "0:02:08"]
[BlackClock "0:00:37"]
[Board "6"]

1. Nf3 Nf6 2. c4 g6 3. Nc3 Bg7 4. e4 d6 5. d4 O-O 6. Be2 e5 7. d5 a5 8. Bg5 Na6 9. Nd2 h6 10. Be3 Qe8 11. g4 Nc5 12. h4 Qd7 13. Rg1 b6 14. Qc2 a4 15. h5 g5 16. f3 Ba6 17. Kf2 Bb7 18. b4 axb3 19. axb3 c6 20. b4 cxd5 21. cxd5 Na6 22. Qb3 Rfc8 23. Nc4 b5 24. Nb6 Qd8 25. Nxb5 Rab8 26. Nxc8 Rxc8 27. Na7 Rb8 28. Bxa6 1-0


[Site "https://www.chess.com"]

[Event "Titled Tuesday Blitz June 6 Early 2023"]
[White "Shevchenko, Kirill"]
[Black "Sanal, Vahap"]
[WhiteFideId "14129574"]
[BlackFideId "6300545"]
[WhiteElo "2603"]
[BlackElo "2606"]
[Result "1-0"]
[Round "8"]
[TimeControl "180+2"]
[Date "2023.06.06"]
[WhiteClock "0:00:57"]
[BlackClock "0:00:09"]
[Board "7"]

1. c4 c6 2. e4 d5 3. exd5 cxd5 4. d4 Nf6 5. Nc3 e6 6. Nf3 Be7 7. cxd5 exd5 8. h3 O-O 9. Bd3 Nc6 10. O-O h6 11. Re1 Re8 12. Bf4 Be6 13. Nb5 Rc8 14. Ne5 a6 15. Nxc6 Rxc6 16. Nc3 Bd6 17. Be5 Nd7 18. Bxd6 Rxd6 19. Qf3 Nf6 20. Na4 Ne4 21. Nc5 Nxc5 22. dxc5 Rc6 23. b4 Rc7 24. Qf4 Rce7 25. Qd4 Bc8 26. Rxe7 Rxe7 27. a4 Qe8 28. Qxd5 Bd7 29. Qxb7 Bc6 30. Qxa6 Re6 31. Qc4 Qd8 32. b5 Bd5 33. Qf4 Bxg2 34. Bf5 Qf6 35. Qb8+ 1-0


[Site "https://www.chess.com"]

[Event "Titled Tuesday Blitz June 6 Early 2023"]
[White "Deac, Bogdan-Daniel"]
[Black "Gledura, Benjamin"]
[WhiteFideId "1226380"]
[BlackFideId "712779"]
[WhiteElo "2644"]
[BlackElo "2537"]
[Result "1/2-1/2"]
[Round "8"]
[TimeControl "180+2"]
[Date "2023.06.06"]
[WhiteClock "0:00:05"]
[BlackClock "0:00:08"]
[Board "8"]

1. e4 c5 2. Nf3 e6 3. c3 d5 4. exd5 Qxd5 5. d4 Nf6 6. Be3 cxd4 7. Nxd4 Be7 8. Nd2 O-O 9. Qf3 Nbd7 10. Bc4 Qa5 11. Qe2 a6 12. O-O Qc7 13. N2f3 Nb6 14. Bd3 Nbd5 15. Bd2 b6 16. Ne5 Bb7 17. f4 Bc5 18. Kh1 Bxd4 19. cxd4 Ne7 20. Bb4 Bd5 21. Rac1 Qb7 22. Bd6 Rfc8 23. Bxe7 Qxe7 24. Bxa6 Rxc1 25. Rxc1 Qb4 26. Bc4 Bxc4 27. Rxc4 Qd6 28. h3 g6 29. Qc2 Ra7 30. Rc8+ Kg7 31. Rc6 Qxd4 32. Rc7 Rxc7 33. Qxc7 Qxf4 34. Qxf7+ Kh6 35. Qxe6 Qf1+ 36. Kh2 Qf4+ 37. Kh1 Qf1+ 38. Kh2 Qf4+ 39. Kh1 1/2-1/2


[Site "https://www.chess.com"]

[Event "Titled Tuesday Blitz June 6 Early 2023"]
[White "Svane, Rasmus"]
[Black "Harsh Suresh"]
[WhiteFideId "4657101"]
[BlackFideId "45018464"]
[WhiteElo "2601"]
[BlackElo "2209"]
[Result "1-0"]
[Round "8"]
[TimeControl "180+2"]
[Date "2023.06.06"]
[WhiteClock "0:00:08"]
[BlackClock "0:00:05"]
[Board "9"]

1. Nf3 Nf6 2. g3 b6 3. Bg2 Bb7 4. O-O g6 5. d4 Bg7 6. c4 O-O 7. Re1 e6 8. Bf4 d5 9. cxd5 Nxd5 10. Bg5 Bf6 11. Bh6 Bg7 12. Bxg7 Kxg7 13. e4 Nf6 14. Nc3 Nbd7 15. Qb3 c5 16. d5 e5 17. a4 Ne8 18. Nd2 Ba6 19. a5 Nd6 20. axb6 axb6 21. Bf1 Bxf1 22. Rxf1 Qg5 23. Nc4 Nxc4 24. Qxc4 Qd2 25. Rxa8 Rxa8 26. Qb5 Ra7 27. Rd1 Qc2 28. d6 h5 29. h4 Nf6 30. d7 Nxd7 31. Rxd7 Rxd7 32. Qxd7 Qxb2 33. Qd3 Qb3 34. Qe3 c4 35. Nd5 Qb1+ 36. Kh2 b5 37. Qf3 Kg8 38. Qc3 Qf1 39. Qb2 Kh7 40. Qd2 Kg8 41. Qc2 Kh7 42. Ne3 Qe1 43. Kg2 Qa1 44. Nd5 Qd4 45. Kf3 f5 46. Ne3 f4 47. gxf4 exf4 48. Kxf4 c3 49. Qb3 Kg7 50. Kf3 b4 51. Qc2 Qf6+ 52. Ke2 Qxh4 53. Qd3 Qe7 54. Qd4+ Kh7 55. Nd5 Qf7 56. Qxb4 h4 57. Qxc3 g5 58. Qf3 Qa7 59. Qh5+ Kg8 60. Qxg5+ Kf7 61. Qf5+ Kg7 62. Qg4+ Kf7 63. Qh5+ Kg7 64. Qxh4 Qa6+ 65. Kf3 Qd3+ 66. Kg2 Kg8 67. Qg3+ Qxg3+ 68. Kxg3 1-0


[Site "https://www.chess.com"]

[Event "Titled Tuesday Blitz June 6 Early 2023"]
[White "Svane, Frederik"]
[Black "Grischuk, Alexander"]
[WhiteFideId "12923044"]
[BlackFideId "4126025"]
[WhiteElo "2502"]
[BlackElo "2721"]
[Result "1/2-1/2"]
[Round "8"]
[TimeControl "180+2"]
[Date "2023.06.06"]
[WhiteClock "0:00:09"]
[BlackClock "0:00:04"]
[Board "10"]

1. e4 e6 2. d4 d5 3. e5 c5 4. c3 Nc6 5. Nf3 Bd7 6. Be2 Nge7 7. O-O Ng6 8. Be3 Be7 9. Nbd2 O-O 10. a3 cxd4 11. cxd4 f6 12. exf6 Bxf6 13. Bd3 Nce7 14. Re1 Nf5 15. Nb3 Ba4 16. Bxf5 exf5 17. Qd3 b6 18. Bd2 Qd7 19. Ne5 Qb5 20. Qxb5 Bxb5 21. Bc3 Nf4 22. Nc1 Rfe8 23. g3 Ne6 24. f4 g5 25. fxg5 Nxg5 26. Kg2 Ne4 27. Ncd3 Rac8 28. Nf4 Bxe5 29. dxe5 Nxc3 30. bxc3 Rxc3 31. Rad1 Rxa3 32. e6 Bc4 33. Re5 b5 34. Nxd5 Bxd5+ 35. Rdxd5 b4 36. Rb5 a5 37. Rxa5 Rxe6 38. Rxe6 Rxa5 39. Rb6 Ra2+ 40. Kf3 Rb2 41. Kf4 Kg7 42. Kxf5 b3 43. Kg5 Rxh2 44. Rb7+ Kg8 45. Rxb3 Rf2 46. Kg4 Rf7 47. Rf3 Kg7 48. Rxf7+ Kxf7 49. Kf5 Kg7 50. g4 h6 51. g5 hxg5 52. Kxg5 1/2-1/2


[Site "https://www.chess.com"]

[Event "Titled Tuesday Blitz June 6 Early 2023"]
[White "Lenderman, Aleksandr"]
[Black "qx4z"]
[WhiteFideId "2021285"]
[WhiteElo "2607"]
[BlackElo "2766"]
[Result "1-0"]
[Round "8"]
[TimeControl "180+2"]
[Date "2023.06.06"]
[WhiteClock "0:00:31"]
[BlackClock "0:00:08"]
[Board "11"]

1. Nf3 Nf6 2. c4 g6 3. g3 Bg7 4. Bg2 O-O 5. O-O c6 6. d4 d5 7. Qb3 dxc4 8. Qxc4 Bf5 9. Rd1 Nbd7 10. Qb3 Qb6 11. Nbd2 Ne4 12. Nc4 Qa6 13. Ne3 Qxe2 14. Nxf5 Qxf2+ 15. Kh1 gxf5 16. Rf1 Qe2 17. Re1 Qb5 18. Qc2 e6 19. a4 Qb4 20. g4 fxg4 21. Rxe4 gxf3 22. Bxf3 Nf6 23. Bd2 Qe7 24. Rh4 Rfd8 25. Rg1 Kf8 26. d5 Nxd5 27. Rxg7 Kxg7 28. Qxh7+ Kf6 29. Bg5+ Kxg5 30. Qh6+ Kf5 31. Rh5+ Qg5 32. Qxg5# 1-0


[Site "https://www.chess.com"]

[Event "Titled Tuesday Blitz June 6 Early 2023"]
[White "Hambleton, Aman"]
[Black "Makarian, Rudik"]
[WhiteFideId "2606577"]
[BlackFideId "44105681"]
[WhiteElo "2511"]
[BlackElo "2451"]
[Result "0-1"]
[Round "8"]
[TimeControl "180+2"]
[Date "2023.06.06"]
[WhiteClock "0:00:01"]
[BlackClock "0:00:05"]
[Board "12"]

1. d4 Nf6 2. Bf4 c5 3. e3 Qb6 4. Na3 d6 5. Nc4 Qc7 6. a4 g6 7. h3 Bg7 8. c3 O-O 9. Nf3 b6 10. Bd3 Nc6 11. O-O Bb7 12. Bh2 Na5 13. Ncd2 Rac8 14. Re1 Qb8 15. e4 cxd4 16. cxd4 Nc6 17. e5 Nd5 18. exd6 exd6 19. Nc4 Rcd8 20. Rc1 Na5 21. Nxa5 bxa5 22. Bc4 Nb6 23. Bb3 Bd5 24. Re7 Rfe8 25. Rxe8+ Rxe8 26. Bf4 Qd8 27. Bxd5 Nxd5 28. Bd2 Qb6 29. b3 h6 30. Qc2 Bxd4 31. Nxd4 Qxd4 32. Bxh6 Nb4 33. Qd1 Nd3 34. Be3 Rxe3 35. Rc8+ Kh7 36. fxe3 Qxe3+ 37. Kh2 Qf4+ 38. Kg1 Qe3+ 39. Kh2 Qe5+ 40. Kg1 Nf4 41. Rc2 d5 42. Rd2 d4 43. Kh1 d3 44. Rxd3 Nxd3 45. Qxd3 Qe1+ 46. Kh2 Qe5+ 47. Qg3 Qd5 48. Qf2 Kg7 49. Qxa7 Qe5+ 50. Kh1 Qa1+ 51. Qg1 Qc3 52. Qd1 Kh7 53. Qf3 Qc1+ 54. Kh2 Qc7+ 55. Qg3 Qe7 56. Qf3 Kg7 57. Kg3 Qe5+ 58. Kf2 Qb2+ 59. Kf1 Qb1+ 60. Kf2 Qb2+ 61. Kg1 Qc1+ 62. Kh2 Qc7+ 63. Qg3 Qc5 64. h4 Kh7 65. Qf4 Qd5 66. Qc4 Qe5+ 67. Kh3 Qf5+ 68. Qg4 Qd3+ 69. Qf3 Qd7+ 70. Kh2 Kg7 71. Qc3+ Kh7 72. Qxa5 Qd6+ 73. Kh3 Qe6+ 74. Kh2 Qd6+ 75. Kg1 Qd1+ 76. Kf2 Qc2+ 77. Kf1 Qd1+ 78. Qe1 Qxb3 79. a5 Qb5+ 80. Kg1 Kh6 81. Qe3+ Kh7 82. Qg5 Qb1+ 83. Kh2 Qa1 84. Qf4 Qxa5 85. Qxf7+ Kh6 86. Qf4+ Kh7 87. Kh3 Qb5 88. Qc7+ Kh6 89. Qf4+ Kh7 90. Qe4 Qb3+ 91. g3 Qd1 92. Qe7+ Kh6 93. Qe3+ Kh7 94. Qe4 Qc1 95. Kg4 Qd1+ 96. Kg5 Qd2+ 97. Kf6 Qd6+ 98. Kf7 Qxg3 99. h5 Qf2+ 100. Ke7 Qa7+ 101. Kf8 Qb8+ 102. Kf7 Qc7+ 103. Kf6 Qd6+ 104. Kf7 Qd7+ 105. Kf6 Qd8+ 106. Kf7 Qc7+ 107. Kf8 Qc5+ 108. Kf7 Qf5+ 109. Qxf5 gxf5 0-1


[Site "https://www.chess.com"]

[Event "Titled Tuesday Blitz June 6 Early 2023"]
[White "Babazada, Khazar"]
[Black "Aradhya, Garg"]
[WhiteFideId "13413554"]
[BlackFideId "25006746"]
[WhiteElo "2369"]
[BlackElo "2263"]
[Result "1-0"]
[Round "8"]
[TimeControl "180+2"]
[Date "2023.06.06"]
[WhiteClock "0:00:16"]
[BlackClock "0:00:05"]
[Board "13"]

1. e4 e5 2. Nf3 Nc6 3. Bc4 Nf6 4. d4 exd4 5. e5 d5 6. Bb5 Ne4 7. O-O Bg4 8. h3 Bh5 9. g4 Bg6 10. Nxd4 Qd7 11. f4 Bc5 12. Be3 f5 13. c3 O-O 14. Ba4 Qe7 15. Bb3 Rad8 16. Qe1 Na5 17. Nd2 Nxb3 18. axb3 Bb6 19. b4 c5 20. bxc5 Nxc5 21. N2f3 fxg4 22. hxg4 Bd3 23. f5 Bxf1 24. Qxf1 Ne4 25. Qh3 Qf7 26. Kg2 Rfe8 27. Rh1 h6 28. g5 Bxd4 29. cxd4 Rc8 30. Ne1 Rc4 31. gxh6 g6 32. h7+ Kh8 33. f6 Rb4 34. Nd3 Rb3 35. Bc1 Nxf6 36. Rf1 Qxh7 37. Qf3 Nh5 38. Bg5 Kg8 39. Qxd5+ Kh8 40. Qxb3 Qd7 41. Qf7 Qg4+ 42. Kh2 Rg8 43. Bf6+ Ng7 44. Rf4 Qe2+ 45. Nf2 g5 46. Rh4+ gxh4 47. Kh3 Qf3+ 48. Kxh4 Qxf2+ 49. Kg4 Qf5+ 50. Kh4 Kh7 51. d5 Qg6 52. Qd7 Qh5+ 53. Kg3 Kg6 54. d6 Nf5+ 55. Kf4 Qh6+ 56. Ke4 Qf4+ 57. Kxf4 Rf8 58. Qxf5+ Kh6 59. Qg5+ Kh7 60. Qg7# 1-0


[Site "https://www.chess.com"]

[Event "Titled Tuesday Blitz June 6 Early 2023"]
[White "Darini, Pouria"]
[Black "Tang, Andrew"]
[WhiteFideId "12502200"]
[BlackFideId "2059630"]
[WhiteElo "2482"]
[BlackElo "2600"]
[Result "0-1"]
[Round "8"]
[TimeControl "180+2"]
[Date "2023.06.06"]
[WhiteClock "0:00:01"]
[BlackClock "0:00:04"]
[Board "14"]

1. e4 e5 2. Nf3 Nc6 3. Bb5 g6 4. O-O Bg7 5. d3 d6 6. a4 Nf6 7. a5 a6 8. Bc4 O-O 9. Nc3 h6 10. Re1 Kh7 11. Nd5 Nxd5 12. Bxd5 Nb4 13. Bb3 f5 14. exf5 Bxf5 15. h3 Qf6 16. Nh2 c6 17. Qe2 Nd5 18. Ng4 Qh4 19. Nh2 Bd7 20. Nf3 Qf6 21. Nh2 Nf4 22. Bxf4 Qxf4 23. Qe3 Qh4 24. Nf3 Qf6 25. Nd2 d5 26. Qb6 Rf7 27. Nf1 Raf8 28. Qe3 Qxf2+ 29. Qxf2 Rxf2 30. Nh2 R2f5 31. c3 h5 32. Re2 Bh6 33. Rae1 Bf4 34. Nf1 Kg7 35. g3 Bh6 36. Rxe5 Rxe5 37. Rxe5 Bxh3 38. Nh2 Bc1 39. Re2 Kf7 40. Bd1 Re8 41. b3 Rxe2 42. Bxe2 Be3+ 43. Kh1 Bf2 44. Nf3 Bxg3 45. Ng5+ Kf6 46. Nxh3 Be1 47. c4 Bxa5 48. cxd5 cxd5 49. Nf4 d4 50. Bf3 b5 51. Be4 Kg5 52. Nxg6 Bc7 53. Kg2 Bd6 54. Kh3 a5 55. Nh4 Kf4 56. Nf5 Bc5 57. Ng7 Ke3 0-1


[Site "https://www.chess.com"]

[Event "Titled Tuesday Blitz June 6 Early 2023"]
[White "Djordjevic, Vuk"]
[Black "Nepomniachtchi, Ian"]
[WhiteFideId "902098"]
[BlackFideId "4168119"]
[WhiteElo "2463"]
[BlackElo "2781"]
[Result "0-1"]
[Round "8"]
[TimeControl "180+2"]
[Date "2023.06.06"]
[WhiteClock "0:00:04"]
[BlackClock "0:01:30"]
[Board "15"]

1. d4 f5 2. Nf3 Nf6 3. g3 g6 4. c4 Bg7 5. Bg2 O-O 6. O-O d6 7. d5 e5 8. dxe6 Bxe6 9. Nd4 Bxc4 10. Bxb7 Nbd7 11. Qc2 Nb6 12. Bxa8 Qxa8 13. Nc3 c5 14. Ndb5 Qc6 15. Na3 Ba6 16. Bg5 Ng4 17. h3 Ne5 18. Rad1 d5 19. Ncb1 d4 20. f4 Bb7 21. Kf2 Qg2+ 22. Ke1 Qxg3+ 23. Rf2 Nf3+ 24. exf3 Qg1+ 25. Kd2 Qxf2+ 26. Kc1 Qxf3 27. Nd2 Qxh3 28. Qb3+ Qxb3 29. Nxb3 Nd5 30. Kb1 h6 31. Bh4 Nxf4 32. Nxc5 Be4+ 33. Ka1 g5 34. Bg3 Ne2 35. Bf2 g4 36. Nc4 g3 37. Bg1 Rc8 38. b4 d3+ 39. Kb1 d2+ 40. Nxe4 fxe4 41. Nxd2 Nc3+ 42. Kc2 Nxd1+ 43. Kxd1 Rd8 44. Ke2 Bd4 0-1


[Site "https://www.chess.com"]

[Event "Titled Tuesday Blitz June 6 Early 2023"]
[White "Hakobyan, Aram"]
[Black "Weetik, Vjacheslav"]
[WhiteFideId "13306677"]
[BlackFideId "4153472"]
[WhiteElo "2584"]
[BlackElo "2469"]
[Result "1-0"]
[Round "8"]
[TimeControl "180+2"]
[Date "2023.06.06"]
[WhiteClock "0:00:54"]
[BlackClock "0:00:03"]
[Board "16"]

1. d4 Nf6 2. c4 g6 3. Nc3 Bg7 4. e4 d6 5. Be2 O-O 6. Nf3 e5 7. O-O Nc6 8. d5 Ne7 9. Kh1 c6 10. Ne1 cxd5 11. cxd5 a6 12. a4 Kh8 13. Nd3 Nd7 14. a5 f5 15. f3 f4 16. b4 g5 17. b5 Rf6 18. b6 Nf8 19. g4 h5 20. h3 Rh6 21. Kg2 Neg6 22. Rh1 Nd7 23. Ba3 Nf6 24. Nf2 Nh4+ 25. Kg1 Bf8 26. Rc1 Bd7 27. Na2 Rc8 28. Rxc8 Qxc8 29. Qc1 Qxc1+ 30. Bxc1 Be7 31. Nb4 Kg7 32. Bb2 Rh8 33. Nfd3 Ng6 34. Rh2 Rc8 35. Bd1 Bb5 36. Rc2 Rxc2 37. Bxc2 hxg4 38. hxg4 Nd7 39. Kf2 Kf7 40. Bc3 Bd8 41. Ke2 Ke8 42. Be1 Nh4 43. Bxh4 gxh4 44. Kf2 Nf8 45. Kg2 Nh7 46. Nf2 Ng5 47. Bd3 Bxd3 48. Nbxd3 Kd7 49. Nh3 Nxh3 50. Kxh3 Bg5 51. Kg2 Bd8 52. Nb4 Bg5 53. Nd3 Bd8 54. Nf2 Bg5 55. Nh3 Bd8 56. g5 Ke8 57. g6 Kf8 58. Nf2 Kg7 59. Kh3 Kxg6 60. Kg4 Kf7 61. Kf5 Kg7 62. Ke6 Bxb6 63. axb6 a5 64. Kxd6 a4 65. Kc7 a3 66. d6 a2 67. d7 a1=Q 68. d8=Q Qc3+ 69. Kxb7 Qxf3 70. Qg5+ Kf7 71. Qf5+ Kg8 72. Qe6+ Kh7 73. Qf7+ Kh8 74. Qf8+ Kh7 75. Qf5+ Kg8 76. Qg5+ Kf7 77. Qxh4 Qe3 78. Qh5+ 1-0


[Site "https://www.chess.com"]

[Event "Titled Tuesday Blitz June 6 Early 2023"]
[White "Kramnik, Vladimir"]
[Black "Danielyan, Vahe"]
[WhiteFideId "4101588"]
[BlackFideId "13304828"]
[WhiteElo "2703"]
[BlackElo "2423"]
[Result "1-0"]
[Round "8"]
[TimeControl "180+2"]
[Date "2023.06.06"]
[WhiteClock "0:00:04"]
[BlackClock "0:00:02"]
[Board "17"]

1. c4 Nf6 2. Nc3 g6 3. g3 Bg7 4. Bg2 O-O 5. d3 d6 6. e3 c5 7. Nge2 Nc6 8. O-O e5 9. a3 Be6 10. b4 cxb4 11. axb4 Nxb4 12. Ba3 a5 13. Qb1 d5 14. Bxb4 axb4 15. Rxa8 Qxa8 16. Nxd5 Bxd5 17. cxd5 Qa3 18. Rc1 Rd8 19. Qc2 Nxd5 20. Bxd5 Rxd5 21. d4 b3 22. Qc8+ Bf8 23. Qxb7 Ra5 24. Rb1 Bb4 25. dxe5 b2 26. e6 fxe6 27. Qc8+ Kf7 28. Qc2 Be7 29. Rxb2 Rc5 30. Qb1 Qa6 31. Nf4 Qc8 32. Nd3 Rc3 33. Rd2 Qc4 34. Ne5+ 1-0


[Site "https://www.chess.com"]

[Event "Titled Tuesday Blitz June 6 Early 2023"]
[White "Sjugirov, Sanan"]
[Black "Kushko, Dmitriy"]
[WhiteFideId "4189302"]
[BlackFideId "14162261"]
[WhiteElo "2569"]
[BlackElo "2230"]
[Result "1/2-1/2"]
[Round "8"]
[TimeControl "180+2"]
[Date "2023.06.06"]
[WhiteClock "0:00:11"]
[BlackClock "0:00:09"]
[Board "18"]

1. e4 g6 2. d4 Bg7 3. Nc3 d6 4. Be3 a6 5. Nf3 b5 6. Bd3 Bb7 7. a4 b4 8. Ne2 Nd7 9. c3 c5 10. O-O Ngf6 11. Ng3 O-O 12. cxb4 Ng4 13. b5 axb5 14. Bxb5 Nxe3 15. fxe3 Nf6 16. Qd3 Qb6 17. Kh1 Ba6 18. e5 dxe5 19. dxe5 Rfd8 20. Qc4 Nd5 21. Bxa6 Qxa6 22. Qxc5 Rac8 23. Qa3 Bh6 24. Rae1 Nb6 25. e6 fxe6 26. Qxe7 Nd5 27. Qh4 Bxe3 28. Ne4 Rf8 29. Neg5 Rc7 30. Qg3 Rf5 31. Ne4 Qd3 32. Nc3 Nxc3 33. bxc3 e5 34. Rd1 Qxc3 35. Rfe1 Bf4 36. Qh4 Rf8 37. h3 Qc4 38. Qg4 Qf7 39. Nxe5 Qf5 40. Qxf5 Rxf5 41. Nf3 Rf8 42. Ra1 Ra7 43. a5 Rfa8 44. Re4 Bg3 45. Rea4 Ra6 46. Kg1 Bd6 47. g4 Bc7 48. Nd4 Rxa5 49. Rxa5 Rxa5 50. Rxa5 Bxa5 51. Kg2 Bb6 52. Nc6 Kf7 53. Kf3 Ke6 54. Ke4 Bc7 55. Nd4+ Kf7 56. Nf3 Kf6 57. Kd5 h5 58. Ke4 hxg4 59. hxg4 Bd6 60. g5+ Kg7 61. Kd5 Be7 62. Ke6 Bxg5 63. Nxg5 Kh6 64. Kf6 Kh5 65. Nf3 Kg4 66. Ng5 Kg3 67. Kxg6 1/2-1/2


[Site "https://www.chess.com"]

[Event "Titled Tuesday Blitz June 6 Early 2023"]
[White "Horvath, Dominik"]
[Black "Zhigalko, Sergei"]
[WhiteFideId "1642561"]
[BlackFideId "13502956"]
[WhiteElo "2407"]
[BlackElo "2626"]
[Result "1-0"]
[Round "8"]
[TimeControl "180+2"]
[Date "2023.06.06"]
[WhiteClock "0:00:22"]
[BlackClock "0:00:02"]
[Board "19"]

1. e4 c5 2. Nf3 Nc6 3. d4 cxd4 4. Nxd4 Nf6 5. Nc3 e5 6. Ndb5 d6 7. Nd5 Nxd5 8. exd5 Nb8 9. c4 Be7 10. c5 O-O 11. Be2 a6 12. cxd6 Bxd6 13. Nxd6 Qxd6 14. O-O Bf5 15. Qb3 b5 16. Bd2 Rd8 17. Bb4 Qg6 18. Ba5 Rc8 19. Rac1 Nd7 20. Bc7 Be4 21. Bf3 Bd3 22. Rc6 Qf5 23. Bg4 Qxg4 24. Qxd3 e4 25. Qd4 Re8 26. Bg3 Qe2 27. h3 h6 28. Rc3 Rad8 29. Re3 Nf6 30. Rxe2 1-0


[Site "https://www.chess.com"]

[Event "Titled Tuesday Blitz June 6 Early 2023"]
[White "Csonka, Balazs"]
[Black "Talibov, Shiroghlan"]
[WhiteFideId "742910"]
[BlackFideId "13429078"]
[WhiteElo "2404"]
[BlackElo "2274"]
[Result "1-0"]
[Round "8"]
[TimeControl "180+2"]
[Date "2023.06.06"]
[WhiteClock "0:00:06"]
[BlackClock "0:00:39"]
[Board "20"]

1. e4 c6 2. d4 d5 3. exd5 cxd5 4. c4 Nf6 5. Nc3 g6 6. Qb3 Bg7 7. cxd5 O-O 8. Bg5 a6 9. a4 Nbd7 10. g3 Nb6 11. Bg2 h6 12. Bxf6 Bxf6 13. Nge2 e6 14. O-O exd5 15. Nf4 Bxd4 16. Rfd1 Bxc3 17. bxc3 Bg4 18. Rd4 Nd7 19. Nxg6 fxg6 20. Qxd5+ Kg7 21. Rxg4 Rb8 22. Be4 Rf6 23. Rd1 Ne5 24. Rxg6+ Nxg6 25. Qxd8 Rxd8 26. Rxd8 b6 27. Rd7+ Kf8 28. f4 Ne7 29. Kf2 Re6 30. Kf3 a5 31. g4 Ke8 32. Rd3 Kf8 33. h4 Ng8 34. g5 hxg5 35. hxg5 Ne7 36. f5 Re5 37. Kf4 Rc5 38. f6 Ng8 39. Rd8+ Kf7 40. Bd5+ 1-0


[Site "https://www.chess.com"]

[Event "Titled Tuesday Blitz June 6 Early 2023"]
[White "Pakleza, Zbigniew"]
[Black "Grigorjev, Iljya"]
[WhiteFideId "1119290"]
[BlackFideId "24159565"]
[WhiteElo "2410"]
[BlackElo "2323"]
[Result "1-0"]
[Round "8"]
[TimeControl "180+2"]
[Date "2023.06.06"]
[WhiteClock "0:00:04"]
[BlackClock "0:00:02"]
[Board "21"]

1. d4 d5 2. Bf4 Nf6 3. e3 c5 4. c3 Nc6 5. Nd2 g6 6. Ngf3 Bg7 7. Be2 O-O 8. O-O Nh5 9. Bg5 h6 10. Bh4 g5 11. Bg3 Nxg3 12. hxg3 Qb6 13. Qb3 Rd8 14. Rad1 Bf5 15. Rfe1 e6 16. Qxb6 axb6 17. a3 Bg6 18. g4 f6 19. Nf1 c4 20. Ng3 Ra5 21. Nd2 f5 22. gxf5 exf5 23. f4 g4 24. Kf2 b5 25. Rh1 Re8 26. Rb1 Kf7 27. Bd1 Ra7 28. Bc2 Ne7 29. Rh2 Ra6 30. Rhh1 Rh8 31. Nh5 Nc8 32. Nf1 Nd6 33. Nfg3 Bf8 34. Rhd1 Be7 35. Rh1 Re8 36. Ne2 Bd8 37. Nhg3 Rh8 38. Nh5 b6 39. Rbd1 Ra7 40. Rc1 Ne8 41. Rce1 Nd6 42. Rd1 Re7 43. Rde1 Rhe8 44. Neg3 Ra7 45. Ra1 Rh8 46. Rae1 Re7 47. Rd1 Re6 48. Ra1 Rhe8 49. Rae1 R6e7 50. Re2 Rh8 51. Ree1 Ra7 52. Ra1 Bf6 53. Nxf6 Kxf6 54. Nh5+ Kf7 55. Rae1 Re7 56. Re2 Bxh5 57. Rxh5 Kg6 58. Rh4 h5 59. Re1 Rhe8 60. Bb1 Ne4+ 61. Bxe4 Rxe4 62. Rhh1 Kh6 63. g3 Kg6 64. Rh2 R4e7 65. Re2 Rh8 66. Re1 h4 67. Rxh4 Rxh4 68. gxh4 Kh5 69. Rb1 1-0


[Site "https://www.chess.com"]

[Event "Titled Tuesday Blitz June 6 Early 2023"]
[White "Rustemov, Alexander"]
[Black "Koshulyan, Egor A."]
[WhiteFideId "4119002"]
[BlackFideId "24237000"]
[WhiteElo "2879"]
[BlackElo "2216"]
[Result "1-0"]
[Round "8"]
[TimeControl "180+2"]
[Date "2023.06.06"]
[WhiteClock "0:01:07"]
[BlackClock "0:00:02"]
[Board "22"]

1. d4 Nf6 2. c4 e6 3. Nf3 d5 4. Nc3 c6 5. e3 Nbd7 6. Qc2 Bd6 7. b3 O-O 8. Be2 b6 9. O-O Bb7 10. Bb2 Rc8 11. e4 dxe4 12. Nxe4 Nxe4 13. Qxe4 Nf6 14. Qc2 c5 15. Rad1 Qe7 16. Rfe1 cxd4 17. Nxd4 Bb4 18. Bc3 Bxc3 19. Qxc3 Rfd8 20. h3 Ne4 21. Qe3 Nd6 22. Bf3 Bxf3 23. Qxf3 Qc7 24. Qe3 Qc5 25. Nf3 Qa5 26. Qd2 Qa3 27. Re3 Nb7 28. Rd3 Rxd3 29. Qxd3 h6 30. Qe2 Nc5 31. Ne5 Rc7 32. Rd8+ Kh7 33. Qc2+ g6 34. Ng4 Nb7 35. Ra8 Qe7 36. Qc3 e5 37. Nxe5 Nc5 38. Rh8+ Kxh8 39. Nxg6+ Kg8 40. Qh8# 1-0


[Site "https://www.chess.com"]

[Event "Titled Tuesday Blitz June 6 Early 2023"]
[White "Galchenko, Matvey"]
[Black "Papasimakopoulos, Alexandros"]
[WhiteFideId "24175480"]
[BlackFideId "4244125"]
[WhiteElo "2423"]
[BlackElo "2359"]
[Result "0-1"]
[Round "8"]
[TimeControl "180+2"]
[Date "2023.06.06"]
[WhiteClock "0:00:14"]
[BlackClock "0:00:09"]
[Board "23"]

1. e4 e6 2. d4 d5 3. e5 Bd7 4. Nf3 a6 5. b3 c5 6. c3 Qb6 7. Bd3 cxd4 8. cxd4 Bb5 9. O-O Nc6 10. Nc3 Bxd3 11. Qxd3 Nb4 12. Qe2 Ne7 13. Na4 Qb5 14. Qxb5+ axb5 15. Nc3 Nc2 16. Rb1 Nc6 17. a4 N2xd4 18. Nxd4 Nxd4 19. Be3 b4 20. Bxd4 bxc3 21. Bxc3 Kd7 22. Bd4 Bb4 23. Rfc1 Rhc8 24. Kf1 Ba3 25. Rxc8 Rxc8 26. Ke2 Rc2+ 27. Kd3 Ra2 28. Ra1 Rxa1 29. Bxa1 Kc6 30. Bd4 Bb4 31. g4 Bc5 32. Kc3 Ba3 33. b4 b6 34. Be3 d4+ 35. Bxd4 Bc1 36. Kc4 Bf4 37. h3 g6 38. a5 bxa5 39. bxa5 Bd2 40. a6 Ba5 41. Kd3 Bc7 42. Ke4 Ba5 43. Kf4 Bd8 44. Ke4 Be7 45. Kd3 Bd8 46. Kc4 Bc7 47. a7 Kb7 48. Kb5 Bd8 49. Bc5 Bg5 50. Be3 Be7 51. Bc5 Bd8 52. f4 Bh4 53. Bd4 Bg3 54. Bf2 Bxf2 55. f5 gxf5 56. gxf5 exf5 57. Kc4 Bxa7 58. Kd5 Kc7 59. e6 f6 60. Kc4 Kd6 61. Kd3 Kxe6 62. Ke2 f4 63. Kf3 Kf5 64. h4 Bb8 65. h5 Kg5 66. h6 Kxh6 67. Kg4 Kg6 68. Kh3 Kg5 69. Kg2 Kg4 0-1


[Site "https://www.chess.com"]

[Event "Titled Tuesday Blitz June 6 Early 2023"]
[White "Pranav Anand"]
[Black "benny_aizenberg"]
[WhiteFideId "46626786"]
[WhiteElo "2389"]
[BlackElo "2720"]
[Result "1-0"]
[Round "8"]
[TimeControl "180+2"]
[Date "2023.06.06"]
[WhiteClock "0:00:50"]
[BlackClock "0:00:04"]
[Board "24"]

1. d4 Nf6 2. c4 e6 3. Nc3 Bb4 4. e3 O-O 5. Bd3 d5 6. cxd5 exd5 7. a3 Bd6 8. Qc2 c6 9. Nge2 Re8 10. Bd2 Nbd7 11. f3 c5 12. g4 cxd4 13. exd4 Nb6 14. g5 Nh5 15. Bxh7+ Kf8 16. O-O-O Bd7 17. Bf5 Rc8 18. Bxd7 Qxd7 19. Rhe1 g6 20. Kb1 Nc4 21. Bc1 b5 22. Qb3 a6 23. Ka2 Qf5 24. f4 Nb6 25. Ng3 Nxg3 26. hxg3 Rxe1 27. Rxe1 Rc4 28. Qd1 b4 29. axb4 Bxb4 30. Bd2 Rxd4 31. Qe2 Qd7 32. Qh2 Kg7 33. Rh1 1-0


[Site "https://www.chess.com"]